Penguins vs Sharks
Created - December 2, 2023 at 21:56
Goals
|
| Penguins |
0 |
1 |
3 |
4 |
| Sharks |
1 |
0 |
0 |
1 |
|
Shots
|
| Penguins |
14 |
5 |
10 |
29 |
| Sharks |
12 |
10 |
8 |
30 |
|
1st period
1. Sharks , Boone Jenner 10 (Ronalds Kenins 15, Mike Lundin 7) at 17:29
Penalties :
Andrei Vasilevskiy (Pit) for Slashing (Minor) at 2:32 - Brandon Tanev served the penalty
2nd period
2. Penguins , Tom Wilson 5 (Pavel Buchnevich 5, Brett Kulak 1) at 17:33
Penalties :
Zach Parise (S.J) for Interference (Minor) at 1:21, Evan Rodrigues (Pit) for Interference (Minor) at 3:31, Tyler Cuma (S.J) for High sticking (Minor) at 5:52, Tyler Cuma (S.J) for Holding (Minor) at 14:26
3rd period
3. Penguins , Jake Guentzel 12 (Danny DeKeiser 3) at 14:49 (PP)
4. Penguins , Tom Wilson 6 (Brett Kulak 2) at 18:10
5. Penguins , Pavel Buchnevich 5 (Tom Wilson 5, Andrei Vasilevskiy) at 19:31
Penalties :
Tom Wilson (Pit) for Tripping (Minor) at 11:36, Ronalds Kenins (S.J) for Slashing (Minor) at 14:48
Goalie Stats
Andrei Vasilevskiy (Pit), 29 saves from 30 shots - (0.967), W, 7-8-2, 60:00 minutes
Philipp Grubauer (S.J), 25 saves from 29 shots - (0.862), L, 8-6-2, 60:00 minutes
Players Stats for Penguins
Player Name G A P +/- PIM S H SB GA TA FO MP PP MP PK MP
------------------------------------------------------------------------------------
Adam Brooks 0 0 0 0 0 1 0 1 0 0 3/4 6:33 0:00 0:00
Brandon Tanev 0 0 0 0 0 1 1 0 1 2 0/0 8:33 0:00 1:09
Brett Kulak 0 2 2 1 0 1 0 2 0 2 0/0 14:27 0:02 2:31
Danny DeKeiser 0 1 1 2 0 2 3 0 0 0 3/4 27:04 2:49 3:26
Derek Stepan 0 0 0 0 0 2 3 0 0 0 14/22 18:12 0:18 0:23
Dmitrij Jaskin 0 0 0 0 0 0 1 0 0 0 0/0 6:33 0:00 0:00
Evan Rodrigues 0 0 0 2 2 0 2 1 0 0 1/7 11:30 0:00 0:00
Jake Guentzel 1 0 1 0 0 4 1 1 1 0 0/1 21:06 3:07 0:28
Keith Aulie 0 0 0 -1 0 2 2 2 0 3 0/0 21:29 2:29 2:31
Marcus Foligno 0 0 0 0 0 5 1 0 1 0 1/1 17:51 2:51 3:21
Marcus Johansson 0 0 0 0 0 1 1 0 1 0 0/0 14:30 2:51 0:00
Mark Scheifele 0 0 0 0 0 4 2 1 0 0 3/6 22:47 3:07 1:55
Max Reinhart 0 0 0 0 0 1 1 1 0 0 6/17 17:44 2:51 3:14
Nick Leddy 0 0 0 -1 0 1 1 2 0 0 0/0 19:00 3:29 0:00
Oscar Klefbom 0 0 0 2 0 1 0 1 0 2 0/0 27:51 3:27 3:26
Pavel Buchnevich 1 1 2 2 0 1 0 1 0 0 0/0 11:31 0:00 0:00
Tom Wilson 2 1 3 2 2 2 0 0 2 0 0/2 14:22 0:00 1:24
Tyson Barrie 0 0 0 1 0 0 1 0 0 0 0/0 12:58 2:29 0:00
Players Stats for Sharks
Player Name G A P +/- PIM S H SB GA TA FO MP PP MP PK MP
------------------------------------------------------------------------------------
Andreas Martinsen 0 0 0 0 0 2 1 0 0 1 0/0 11:42 0:00 1:52
Beau Bennett 0 0 0 0 0 0 0 0 0 1 0/0 9:32 0:06 0:00
Boone Jenner 1 0 1 -1 0 1 2 2 0 0 17/31 23:11 3:14 2:48
Brendan Gaunce 0 0 0 0 0 2 1 0 0 0 4/8 11:19 0:00 1:23
Connor Murphy 0 0 0 -1 0 1 1 0 1 0 0/0 11:59 0:00 0:28
Conor Sheary 0 0 0 0 0 3 0 0 3 0 1/1 15:13 2:43 0:00
Daniel Carcillo 0 0 0 -1 0 0 1 1 0 0 0/0 8:03 0:00 0:08
Dion Phaneuf 0 0 0 -2 0 1 2 1 1 1 0/0 19:23 2:58 2:40
Drew Doughty 0 0 0 1 0 6 0 4 2 2 0/0 29:06 2:59 3:18
Gustav Nyquist 0 0 0 -1 0 1 0 1 1 0 0/3 7:49 0:00 0:00
Markus Nutivaara 0 0 0 -1 0 3 0 1 0 0 0/0 12:52 0:00 1:21
Mike Lundin 0 1 1 1 0 0 1 0 0 0 0/0 29:06 2:59 3:18
Oscar Sundqvist 0 0 0 0 0 0 4 0 1 0 8/17 17:41 2:43 1:47
Ronalds Kenins 0 1 1 -1 2 6 3 1 0 1 2/2 23:09 3:14 2:47
Tyler Cuma 0 0 0 -2 4 1 1 0 0 0 0/0 18:37 2:58 0:51
Vince Hinostroza 0 0 0 -1 0 1 1 1 0 0 0/0 7:49 0:00 0:00
Wayne Simmonds 0 0 0 -1 0 0 2 0 0 0 1/2 20:17 3:08 0:00
Zach Parise 0 0 0 0 2 2 1 1 0 0 0/0 17:10 2:43 1:11
3 Stars
1 - Tom Wilson (Pit)
2 - Pavel Buchnevich (Pit)
3 - Andrei Vasilevskiy (Pit)
Power Play
Penguins - 1 on 4 Attempt(s) - 25.00%
Sharks - 0 on 3 Attempt(s) - 0.00%
Penalty Kill
Penguins - 3 on 3 Attempt(s) - 100.00%
- Score 0 goal in Penalty Kill
Sharks - 3 on 4 Attempt(s) - 75.00%
- Score 0 goal in Penalty Kill
Team Stat
Penguins - Hits : 20 - Faceoff Wins : 31 - Blocked Shots : 13 - Penalty Minutes : 6
Sharks - Hits : 21 - Faceoff Wins : 33 - Blocked Shots : 13 - Penalty Minutes : 8
Official
Referees : Marc Joannette and Frederick L'Ecuyer
Linesman : Brad Kovachik and Ryan Daisy
Game Notes
No Game Note
Finance
Level 1 -- Attendance: 5755 (95.92%) -- Ticket Income $575,500
Level 2 -- Attendance: 4742 (94.84%) -- Ticket Income $284,520
Level 3 -- Attendance: 1918 (95.90%) -- Ticket Income $67,130
Level 4 -- Attendance: 4000 (100.00%) -- Ticket Income $100,000
Luxury Box -- Attendance: 986 (98.60%) -- Ticket Income $197,200
Game was played at the SAP Center.
Total Attendance: 17401 (96.67%)
Total Ticket Income: $1,224,350
Other Income: $183,652
Total Income: $1,408,002
Penguins
5 vs 5 Forward
Center Left Wing Right Wing Time % Phy DF OF
1 Derek Stepan Jake Guentzel Mark Scheifele 40 1 2 2
2 Max Reinhart Marcus Johansson Marcus Foligno 30 1 2 2
3 Evan Rodrigues Pavel Buchnevich Tom Wilson 20 1 2 2
4 Adam Brooks Brandon Tanev Dmitrij Jaskin 10 1 2 2
5 vs 5 Defense
Defense Defense Time % Phy DF OF
1 Oscar Klefbom Danny DeKeiser 40 1 2 2
2 Nick Leddy Keith Aulie 30 1 2 2
3 Brett Kulak Tyson Barrie 20 1 2 2
4 Oscar Klefbom Danny DeKeiser 10 1 2 2
PowerPlay Forward
Center Left Wing Right Wing Time % Phy DF OF
1 Danny DeKeiser Jake Guentzel Mark Scheifele 60 1 2 2
2 Max Reinhart Marcus Johansson Marcus Foligno 40 1 2 2
PowerPlay Defense
Defense Defense Time % Phy DF OF
1 Oscar Klefbom Nick Leddy 60 1 2 2
2 Keith Aulie Tyson Barrie 40 1 2 2
Penalty Kill 4 Players Forward
Center Wing Time % Phy DF OF
1 Max Reinhart Marcus Foligno 60 1 2 2
2 Mark Scheifele Brandon Tanev 40 1 2 2
Penalty Kill 4 Players Defense
Defense Defense Time % Phy DF OF
1 Oscar Klefbom Danny DeKeiser 60 1 2 2
2 Keith Aulie Brett Kulak 40 1 2 2
Penalty Kill - 3 Players Forward
Forward Time % Phy DF OF
1 Max Reinhart 60 1 2 2
2 Marcus Foligno 40 1 2 2
Penalty Kill - 3 Players Defense
Defense Defense Time % Phy DF OF
1 Danny DeKeiser Oscar Klefbom 60 1 2 2
2 Keith Aulie Brett Kulak 40 1 2 2
4 vs 4 Forward
Center Wing Time % Phy DF OF
1 Derek Stepan Jake Guentzel 60 1 2 2
2 Max Reinhart Mark Scheifele 40 1 2 2
4 vs 4 Defense
Defense Defense Time % Phy DF OF
1 Oscar Klefbom Danny DeKeiser 60 1 2 2
2 Keith Aulie Nick Leddy 40 1 2 2
Last Minutes Offensive
Center Left Wing Right Wing Defense Defense
Derek Stepan Jake Guentzel Mark Scheifele Oscar Klefbom Danny DeKeiser
Last Minutes Defensive
Center Left Wing Right Wing Defense Defense
Max Reinhart Brandon Tanev Marcus Foligno Oscar Klefbom Danny DeKeiser
Goaltenders
Starting : Andrei Vasilevskiy
Backup : Braden Holtby
Extra Forwards
Normal : Jake Guentzel, Derek Stepan, Pavel Buchnevich - PP : Mark Scheifele, Marcus Johansson - PK : Tom Wilson
Extra Defensemen
Normal : Oscar Klefbom, Keith Aulie, Danny DeKeiser - PP : Nick Leddy - PK : Danny DeKeiser, Keith Aulie
Penalty Shots
Jake Guentzel, Pavel Buchnevich, Marcus Foligno, Mark Scheifele, Marcus Johansson
Custom OT Lines Forwards
Mark Scheifele, Jake Guentzel, Derek Stepan, Marcus Foligno, Marcus Johansson, Max Reinhart, Tom Wilson, Pavel Buchnevich, Brandon Tanev, Dmitrij Jaskin
Custom OT Lines Defensemen
Danny DeKeiser, Oscar Klefbom, Keith Aulie, Nick Leddy, Brett Kulak
Scratches
Neal Pionk (Fractured Right Foot Injury), Sebastian Aho (Back Spasms Injury)
Sharks
5 vs 5 Forward
Center Left Wing Right Wing Time % Phy DF OF
1 Boone Jenner Ronalds Kenins Wayne Simmonds 40 0 2 3
2 Oscar Sundqvist Zach Parise Conor Sheary 30 0 2 3
3 Brendan Gaunce Andreas Martinsen Beau Bennett 20 0 2 3
4 Gustav Nyquist Daniel Carcillo Vince Hinostroza 10 1 2 2
5 vs 5 Defense
Defense Defense Time % Phy DF OF
1 Drew Doughty Mike Lundin 40 0 2 3
2 Dion Phaneuf Tyler Cuma 30 0 2 3
3 Markus Nutivaara Connor Murphy 20 1 2 2
4 Drew Doughty Mike Lundin 10 1 2 2
PowerPlay Forward
Center Left Wing Right Wing Time % Phy DF OF
1 Boone Jenner Ronalds Kenins Wayne Simmonds 60 0 2 3
2 Oscar Sundqvist Zach Parise Conor Sheary 40 0 2 3
PowerPlay Defense
Defense Defense Time % Phy DF OF
1 Drew Doughty Mike Lundin 60 0 2 3
2 Dion Phaneuf Tyler Cuma 40 0 2 3
Penalty Kill 4 Players Forward
Center Wing Time % Phy DF OF
1 Boone Jenner Ronalds Kenins 60 1 4 0
2 Oscar Sundqvist Zach Parise 40 1 4 0
Penalty Kill 4 Players Defense
Defense Defense Time % Phy DF OF
1 Drew Doughty Mike Lundin 60 1 4 0
2 Dion Phaneuf Tyler Cuma 40 1 4 0
Penalty Kill - 3 Players Forward
Forward Time % Phy DF OF
1 Boone Jenner 60 1 4 0
2 Oscar Sundqvist 40 1 4 0
Penalty Kill - 3 Players Defense
Defense Defense Time % Phy DF OF
1 Drew Doughty Mike Lundin 60 1 4 0
2 Dion Phaneuf Tyler Cuma 40 1 4 0
4 vs 4 Forward
Center Wing Time % Phy DF OF
1 Boone Jenner Ronalds Kenins 60 1 2 2
2 Oscar Sundqvist Zach Parise 40 1 2 2
4 vs 4 Defense
Defense Defense Time % Phy DF OF
1 Drew Doughty Mike Lundin 60 1 2 2
2 Dion Phaneuf Tyler Cuma 40 1 2 2
Last Minutes Offensive
Center Left Wing Right Wing Defense Defense
Boone Jenner Ronalds Kenins Wayne Simmonds Drew Doughty Mike Lundin
Last Minutes Defensive
Center Left Wing Right Wing Defense Defense
Boone Jenner Ronalds Kenins Wayne Simmonds Drew Doughty Mike Lundin
Goaltenders
Starting : Philipp Grubauer
Backup : Malcolm Subban
Extra Forwards
Normal : Boone Jenner, Oscar Sundqvist, Beau Bennett - PP : Boone Jenner, Oscar Sundqvist - PK : Boone Jenner
Extra Defensemen
Normal : Tyler Cuma, Markus Nutivaara, Connor Murphy - PP : Tyler Cuma - PK : Tyler Cuma, Markus Nutivaara
Penalty Shots
Ronalds Kenins, Wayne Simmonds, Conor Sheary, Zach Parise, Boone Jenner
Custom OT Lines Forwards
Ronalds Kenins, Wayne Simmonds, Conor Sheary, Zach Parise, Boone Jenner, Oscar Sundqvist, Beau Bennett, Andreas Martinsen, Daniel Carcillo, Brendan Gaunce
Custom OT Lines Defensemen
Drew Doughty, Mike Lundin, Dion Phaneuf, Tyler Cuma, Markus Nutivaara
Scratches
Arturs Kulda (Healthy), Brandon Kozun (Healthy), MacKenzie Weegar (Healthy)
% Time on Ice - Penguins
Lines # - Real PCT - Wanted PCT - Time Play
Normal Forward
1 - 36% - 40% - 17:31
2 - 26% - 30% - 12:30
3 - 24% - 20% - 11:31
4 - 14% - 10% - 6:33
Normal Defense
1 - 40% - 40% - 19:22
2 - 33% - 30% - 16:02
3 - 22% - 20% - 10:27
4 - 5% - 10% - 2:14
PP Forward
1 - 52% - 60% - 3:07
2 - 48% - 40% - 2:51
PP Defense
1 - 58% - 60% - 3:29
2 - 42% - 40% - 2:29
PK Forward
1 - 68% - 60% - 4:02
2 - 32% - 40% - 1:55
PK Defense
1 - 58% - 60% - 3:26
2 - 42% - 40% - 2:31
PK3 Forward
1 - 0% - 60%
2 - 0% - 40%
PK3 Defense
1 - 0% - 60%
2 - 0% - 40%
44 Forward
1 - 0% - 60%
2 - 0% - 40%
44 Defense
1 - 0% - 60%
2 - 0% - 40%
Last Minute Offensive - 0:00
Last Minute Defensive - 0:00
Total
Forward - 60:00
Defense - 60:00
|
% Time on Ice - Sharks
Lines # - Real PCT - Wanted PCT - Time Play
Normal Forward
1 - 37% - 40% - 17:39
2 - 27% - 30% - 13:11
3 - 20% - 20% - 9:26
4 - 16% - 10% - 7:49
Normal Defense
1 - 39% - 40% - 18:45
2 - 29% - 30% - 13:45
3 - 24% - 20% - 11:31
4 - 8% - 10% - 4:04
PP Forward
1 - 54% - 60% - 3:14
2 - 46% - 40% - 2:43
PP Defense
1 - 50% - 60% - 2:59
2 - 50% - 40% - 2:58
PK Forward
1 - 70% - 60% - 4:11
2 - 30% - 40% - 1:47
PK Defense
1 - 55% - 60% - 3:18
2 - 45% - 40% - 2:40
PK3 Forward
1 - 0% - 60%
2 - 0% - 40%
PK3 Defense
1 - 0% - 60%
2 - 0% - 40%
44 Forward
1 - 0% - 60%
2 - 0% - 40%
44 Defense
1 - 0% - 60%
2 - 0% - 40%
Last Minute Offensive - 0:00
Last Minute Defensive - 0:00
Total
Forward - 60:00
Defense - 60:00
|
Play-by-Play
1st period
0:01 of 1st period - Boone Jenner wins face-off versus Derek Stepan in neutral zone.
1:15 of 1st period - Wrist shot by Brandon Tanev.
1:15 of 1st period - Deflect By Adam Brooks.
1:15 of 1st period - Stopped by Philipp Grubauer without a rebound.
1:16 of 1st period - Derek Stepan wins face-off versus Brendan Gaunce in Sharks zone.
1:27 of 1st period - Dion Phaneuf is hit by Derek Stepan and loses puck.
2:06 of 1st period - Slapshot by Conor Sheary.
2:06 of 1st period - Stopped by Andrei Vasilevskiy without a rebound.
2:07 of 1st period - Derek Stepan wins face-off versus Oscar Sundqvist in Penguins zone.
2:16 of 1st period - Slapshot by Mark Scheifele.
2:16 of 1st period - Shot Misses the Net.
2:28 of 1st period - Wrist shot by Conor Sheary.
2:28 of 1st period - Deflect By Zach Parise.
2:28 of 1st period - Stopped by Andrei Vasilevskiy without a rebound.
2:29 of 1st period - Boone Jenner wins face-off versus Adam Brooks in Penguins zone.
2:32 of 1st period - Snap shot by Ronalds Kenins.
2:32 of 1st period - Stopped by Andrei Vasilevskiy without a rebound.
2:32 of 1st period - Minor Penalty to Andrei Vasilevskiy for Slashing.
2:33 of 1st period - Boone Jenner wins face-off versus Max Reinhart in Penguins zone.
2:46 of 1st period - Slapshot by Drew Doughty.
2:46 of 1st period - Shot Misses the Net.
2:48 of 1st period - Wrist shot by Drew Doughty.
2:48 of 1st period - Shot Misses the Net.
3:06 of 1st period - Wrist shot by Conor Sheary.
3:06 of 1st period - Deflect By Oscar Sundqvist.
3:06 of 1st period - Shot Blocked by Mark Scheifele.
3:06 of 1st period - Puck is out of play.
3:07 of 1st period - Mark Scheifele wins face-off versus Boone Jenner in Penguins zone.
3:20 of 1st period - Snap shot by Ronalds Kenins.
3:20 of 1st period - Stopped by Andrei Vasilevskiy with a rebound.
3:22 of 1st period - Snap shot by Ronalds Kenins.
3:22 of 1st period - Stopped by Andrei Vasilevskiy with a rebound.
3:51 of 1st period - Icing by Oscar Sundqvist.
3:52 of 1st period - Marcus Foligno wins face-off versus Oscar Sundqvist in Sharks zone.
4:30 of 1st period - Icing by Zach Parise.
4:31 of 1st period - Oscar Sundqvist wins face-off versus Mark Scheifele in Sharks zone.
4:32 of 1st period - Penalty to Brandon Tanev is over, Brandon Tanev is back on ice.
4:56 of 1st period - Slapshot by Mark Scheifele.
4:56 of 1st period - Shot Blocked by Boone Jenner.
4:58 of 1st period - Wrist shot by Mark Scheifele.
4:58 of 1st period - Shot Misses the Net.
5:00 of 1st period - Slapshot by Keith Aulie.
5:00 of 1st period - Stopped by Philipp Grubauer with a rebound.
5:20 of 1st period - Snap shot by Tom Wilson.
5:20 of 1st period - Shot Misses the Net.
5:22 of 1st period - Slapshot by Brett Kulak.
5:22 of 1st period - Stopped by Philipp Grubauer without a rebound.
5:23 of 1st period - Max Reinhart wins face-off versus Oscar Sundqvist in Sharks zone.
6:27 of 1st period - Slapshot by Drew Doughty.
6:27 of 1st period - Stopped by Andrei Vasilevskiy with a rebound.
6:56 of 1st period - Wrist shot by Marcus Foligno.
6:56 of 1st period - Shot Blocked by Boone Jenner.
6:58 of 1st period - Slapshot by Oscar Klefbom.
6:58 of 1st period - Shot Misses the Net.
7:00 of 1st period - Snap shot by Danny DeKeiser.
7:00 of 1st period - Deflect By Drew Doughty.
7:00 of 1st period - Stopped by Philipp Grubauer without a rebound.
7:01 of 1st period - Evan Rodrigues wins face-off versus Brendan Gaunce in Sharks zone.
7:26 of 1st period - Oscar Klefbom is hit by Wayne Simmonds and loses puck.
7:55 of 1st period - Max Reinhart is hit by Vince Hinostroza and loses puck.
8:11 of 1st period - Off-side.
8:12 of 1st period - Adam Brooks wins face-off versus Brendan Gaunce in neutral zone.
8:17 of 1st period - Snap shot by Brandon Tanev.
8:17 of 1st period - Stopped by Philipp Grubauer without a rebound.
8:18 of 1st period - Boone Jenner wins face-off versus Derek Stepan in Sharks zone.
8:25 of 1st period - Snap shot by Ronalds Kenins.
8:25 of 1st period - Stopped by Andrei Vasilevskiy with a rebound.
9:13 of 1st period - Snap shot by Marcus Foligno.
9:13 of 1st period - Stopped by Philipp Grubauer without a rebound.
9:14 of 1st period - Boone Jenner wins face-off versus Max Reinhart in Sharks zone.
9:25 of 1st period - Snap shot by Marcus Johansson.
9:25 of 1st period - Deflect By Max Reinhart.
9:25 of 1st period - Stopped by Philipp Grubauer with a rebound.
9:41 of 1st period - Dion Phaneuf is hit by Mark Scheifele and loses puck.
10:02 of 1st period - Brett Kulak is hit by Tyler Cuma and loses puck.
10:13 of 1st period - Snap shot by Zach Parise.
10:13 of 1st period - Stopped by Andrei Vasilevskiy without a rebound.
10:14 of 1st period - Derek Stepan wins face-off versus Boone Jenner in Penguins zone.
10:24 of 1st period - Icing by Oscar Klefbom.
10:25 of 1st period - Boone Jenner wins face-off versus Derek Stepan in Penguins zone.
10:36 of 1st period - Boone Jenner is hit by Mark Scheifele and loses puck.
11:39 of 1st period - Beau Bennett is hit by Max Reinhart and loses puck.
11:46 of 1st period - Snap shot by Marcus Foligno.
11:46 of 1st period - Shot Hit the Post.
12:02 of 1st period - Backhand shot by Jake Guentzel.
12:02 of 1st period - Stopped by Philipp Grubauer with a rebound.
12:24 of 1st period - Off-side.
12:25 of 1st period - Derek Stepan wins face-off versus Boone Jenner in neutral zone.
12:30 of 1st period - Slapshot by Jake Guentzel.
12:30 of 1st period - Shot Hit the Post.
12:32 of 1st period - Wrist shot by Jake Guentzel.
12:32 of 1st period - Shot Misses the Net.
12:34 of 1st period - Slapshot by Derek Stepan.
12:34 of 1st period - Stopped by Philipp Grubauer without a rebound.
12:35 of 1st period - Boone Jenner wins face-off versus Derek Stepan in Sharks zone.
12:52 of 1st period - Wrist shot by Mark Scheifele.
12:52 of 1st period - Shot Misses the Net.
13:06 of 1st period - Mark Scheifele is hit by Boone Jenner and loses puck.
13:25 of 1st period - Wrist shot by Derek Stepan.
13:25 of 1st period - Shot Blocked by Drew Doughty.
13:27 of 1st period - Slapshot by Derek Stepan.
13:27 of 1st period - Stopped by Philipp Grubauer without a rebound.
13:28 of 1st period - Max Reinhart wins face-off versus Oscar Sundqvist in Sharks zone.
13:29 of 1st period - Snap shot by Marcus Foligno.
13:29 of 1st period - Stopped by Philipp Grubauer without a rebound.
13:30 of 1st period - Oscar Sundqvist wins face-off versus Max Reinhart in Sharks zone.
13:40 of 1st period - Oscar Klefbom is hit by Dion Phaneuf and loses puck.
14:05 of 1st period - Snap shot by Marcus Foligno.
14:05 of 1st period - Stopped by Philipp Grubauer without a rebound.
14:06 of 1st period - Derek Stepan wins face-off versus Gustav Nyquist in Sharks zone.
14:11 of 1st period - Wrist shot by Derek Stepan.
14:11 of 1st period - Shot Misses the Net.
14:13 of 1st period - Snap shot by Jake Guentzel.
14:13 of 1st period - Stopped by Philipp Grubauer without a rebound.
14:14 of 1st period - Derek Stepan wins face-off versus Boone Jenner in Sharks zone.
14:21 of 1st period - Slapshot by Jake Guentzel.
14:21 of 1st period - Shot Misses the Net.
16:03 of 1st period - Wrist shot by Mark Scheifele.
16:03 of 1st period - Shot Misses the Net.
16:53 of 1st period - Wrist shot by Drew Doughty.
16:53 of 1st period - Shot Misses the Net.
16:55 of 1st period - Slapshot by Drew Doughty.
16:55 of 1st period - Stopped by Andrei Vasilevskiy with a rebound.
16:57 of 1st period - Snap shot by Wayne Simmonds.
16:57 of 1st period - Shot Misses the Net.
17:29 of 1st period - Snap shot by Boone Jenner.
17:29 of 1st period - Goal by Boone Jenner - Penguins : 0 - Sharks : 1.
17:30 of 1st period - Oscar Sundqvist wins face-off versus Evan Rodrigues in neutral zone.
18:04 of 1st period - Snap shot by Gustav Nyquist.
18:04 of 1st period - Stopped by Andrei Vasilevskiy with a rebound.
18:06 of 1st period - Wrist shot by Vince Hinostroza.
18:06 of 1st period - Shot Misses the Net.
18:08 of 1st period - Snap shot by Daniel Carcillo.
18:08 of 1st period - Shot Misses the Net.
18:22 of 1st period - Snap shot by Brendan Gaunce.
18:22 of 1st period - Stopped by Andrei Vasilevskiy without a rebound.
18:23 of 1st period - Oscar Sundqvist wins face-off versus Max Reinhart in Penguins zone.
18:32 of 1st period - Snap shot by Marcus Foligno.
18:32 of 1st period - Stopped by Philipp Grubauer without a rebound.
18:33 of 1st period - Oscar Sundqvist wins face-off versus Max Reinhart in Sharks zone.
18:33 of 1st period - Oscar Sundqvist is hit by Marcus Foligno.
19:40 of 1st period - Beau Bennett is hit by Danny DeKeiser and loses puck.
Goals for this period are 0 for Penguins vs 1 for Sharks.
Shots for this period are 14 for Penguins vs 12 for Sharks.
2nd period
0:01 of 2nd period - Conor Sheary wins face-off versus Max Reinhart in neutral zone.
0:04 of 2nd period - Slapshot by Drew Doughty.
0:04 of 2nd period - Stopped by Andrei Vasilevskiy with a rebound.
0:28 of 2nd period - Wrist shot by Drew Doughty.
0:28 of 2nd period - Stopped by Andrei Vasilevskiy with a rebound.
1:19 of 2nd period - Slapshot by Tom Wilson.
1:19 of 2nd period - Shot Blocked by Markus Nutivaara.
1:21 of 2nd period - Minor Penalty to Zach Parise for Interference.
1:22 of 2nd period - Danny DeKeiser wins face-off versus Boone Jenner in Sharks zone.
2:27 of 2nd period - Slapshot by Mark Scheifele.
2:27 of 2nd period - Shot Blocked by Dion Phaneuf.
2:29 of 2nd period - Slapshot by Oscar Klefbom.
2:29 of 2nd period - Shot Misses the Net.
3:21 of 2nd period - Penalty to Zach Parise is over, Zach Parise is back on ice.
3:31 of 2nd period - Minor Penalty to Evan Rodrigues for Interference.
3:32 of 2nd period - Boone Jenner wins face-off versus Max Reinhart in Penguins zone.
3:36 of 2nd period - Wrist shot by Ronalds Kenins.
3:36 of 2nd period - Shot Blocked by Brett Kulak.
3:38 of 2nd period - Slapshot by Dion Phaneuf.
3:38 of 2nd period - Stopped by Andrei Vasilevskiy with a rebound.
3:40 of 2nd period - Slapshot by Tyler Cuma.
3:40 of 2nd period - Shot Misses the Net.
3:42 of 2nd period - Slapshot by Tyler Cuma.
3:42 of 2nd period - Stopped by Andrei Vasilevskiy without a rebound.
3:43 of 2nd period - Boone Jenner wins face-off versus Max Reinhart in Penguins zone.
4:44 of 2nd period - Wrist shot by Mark Scheifele.
4:44 of 2nd period - Stopped by Philipp Grubauer with a rebound.
5:03 of 2nd period - Icing by Tyler Cuma.
5:04 of 2nd period - Boone Jenner wins face-off versus Tom Wilson in Sharks zone.
5:31 of 2nd period - Penalty to Evan Rodrigues is over, Evan Rodrigues is back on ice.
5:38 of 2nd period - Wrist shot by Mark Scheifele.
5:38 of 2nd period - Stopped by Philipp Grubauer with a rebound.
5:52 of 2nd period - Minor Penalty to Tyler Cuma for High sticking.
5:53 of 2nd period - Boone Jenner wins face-off versus Danny DeKeiser in Sharks zone.
6:10 of 2nd period - Snap shot by Danny DeKeiser.
6:10 of 2nd period - Shot Blocked by Drew Doughty.
6:37 of 2nd period - Snap shot by Oscar Klefbom.
6:37 of 2nd period - Shot Hit the Post.
7:52 of 2nd period - Penalty to Tyler Cuma is over, Tyler Cuma is back on ice.
8:35 of 2nd period - Off-side.
8:36 of 2nd period - Brendan Gaunce wins face-off versus Evan Rodrigues in neutral zone.
9:26 of 2nd period - Dion Phaneuf is hit by Derek Stepan and loses puck.
10:01 of 2nd period - Tom Wilson is hit by Ronalds Kenins and loses puck.
10:42 of 2nd period - Snap shot by Vince Hinostroza.
10:42 of 2nd period - Shot Blocked by Max Reinhart.
10:44 of 2nd period - Slapshot by Markus Nutivaara.
10:44 of 2nd period - Stopped by Andrei Vasilevskiy with a rebound.
11:07 of 2nd period - Jake Guentzel is hit by Andreas Martinsen and loses puck.
11:33 of 2nd period - Tom Wilson is hit by Ronalds Kenins and loses puck.
12:22 of 2nd period - Wrist shot by Marcus Foligno.
12:22 of 2nd period - Shot Misses the Net.
12:41 of 2nd period - Beau Bennett is hit by Nick Leddy and loses puck.
13:10 of 2nd period - Snap shot by Markus Nutivaara.
13:10 of 2nd period - Shot Misses the Net.
13:12 of 2nd period - Slapshot by Markus Nutivaara.
13:12 of 2nd period - Deflect By Ronalds Kenins.
13:12 of 2nd period - Stopped by Andrei Vasilevskiy without a rebound.
13:13 of 2nd period - Derek Stepan wins face-off versus Oscar Sundqvist in Penguins zone.
13:13 of 2nd period - Derek Stepan is hit by Oscar Sundqvist.
13:48 of 2nd period - Slapshot by Nick Leddy.
13:48 of 2nd period - Shot Misses the Net.
13:50 of 2nd period - Slapshot by Nick Leddy.
13:50 of 2nd period - Shot Blocked by Ronalds Kenins.
13:57 of 2nd period - Icing by Markus Nutivaara.
13:58 of 2nd period - Wayne Simmonds wins face-off versus Evan Rodrigues in Sharks zone.
14:09 of 2nd period - Slapshot by Markus Nutivaara.
14:09 of 2nd period - Stopped by Andrei Vasilevskiy without a rebound.
14:10 of 2nd period - Ronalds Kenins wins face-off versus Mark Scheifele in Penguins zone.
14:26 of 2nd period - Minor Penalty to Tyler Cuma for Holding.
14:27 of 2nd period - Danny DeKeiser wins face-off versus Boone Jenner in Sharks zone.
16:15 of 2nd period - Oscar Klefbom is hit by Brendan Gaunce and loses puck.
16:26 of 2nd period - Penalty to Tyler Cuma is over, Tyler Cuma is back on ice.
17:09 of 2nd period - Pavel Buchnevich is hit by Zach Parise.
17:13 of 2nd period - Brett Kulak is hit by Oscar Sundqvist.
17:33 of 2nd period - Slapshot by Tom Wilson.
17:33 of 2nd period - Goal by Tom Wilson - Penguins : 1 - Sharks : 1.
17:34 of 2nd period - Mark Scheifele wins face-off versus Boone Jenner in neutral zone.
17:48 of 2nd period - Snap shot by Wayne Simmonds.
17:48 of 2nd period - Shot Misses the Net.
17:50 of 2nd period - Wrist shot by Ronalds Kenins.
17:50 of 2nd period - Stopped by Andrei Vasilevskiy with a rebound.
18:00 of 2nd period - Oscar Sundqvist is hit by Marcus Johansson.
18:06 of 2nd period - Wrist shot by Keith Aulie.
18:06 of 2nd period - Stopped by Philipp Grubauer without a rebound.
18:07 of 2nd period - Max Reinhart wins face-off versus Oscar Sundqvist in Sharks zone.
18:18 of 2nd period - Slapshot by Drew Doughty.
18:18 of 2nd period - Deflect By Oscar Sundqvist.
18:18 of 2nd period - Shot Blocked by Keith Aulie.
18:18 of 2nd period - Puck is out of play.
18:19 of 2nd period - Derek Stepan wins face-off versus Boone Jenner in Penguins zone.
18:19 of 2nd period - Derek Stepan is hit by Mike Lundin.
18:27 of 2nd period - Boone Jenner is hit by Danny DeKeiser and loses puck.
18:34 of 2nd period - Snap shot by Jake Guentzel.
18:34 of 2nd period - Shot Blocked by Drew Doughty.
18:36 of 2nd period - Wrist shot by Jake Guentzel.
18:36 of 2nd period - Stopped by Philipp Grubauer without a rebound.
18:37 of 2nd period - Oscar Sundqvist wins face-off versus Max Reinhart in Sharks zone.
19:40 of 2nd period - Snap shot by Brendan Gaunce.
19:40 of 2nd period - Shot Misses the Net.
19:42 of 2nd period - Snap shot by Drew Doughty.
19:42 of 2nd period - Stopped by Andrei Vasilevskiy without a rebound.
19:43 of 2nd period - Max Reinhart wins face-off versus Oscar Sundqvist in Penguins zone.
19:50 of 2nd period - Snap shot by Conor Sheary.
19:50 of 2nd period - Stopped by Andrei Vasilevskiy without a rebound.
19:51 of 2nd period - Oscar Sundqvist wins face-off versus Max Reinhart in Penguins zone.
Goals for this period are 1 for Penguins vs 0 for Sharks.
Shots for this period are 5 for Penguins vs 10 for Sharks.
3rd period
0:01 of 3rd period - Derek Stepan wins face-off versus Boone Jenner in neutral zone.
0:03 of 3rd period - Off-side.
0:04 of 3rd period - Derek Stepan wins face-off versus Boone Jenner in neutral zone.
1:02 of 3rd period - Wrist shot by Conor Sheary.
1:02 of 3rd period - Shot Blocked by Keith Aulie.
1:04 of 3rd period - Snap shot by Conor Sheary.
1:04 of 3rd period - Shot Blocked by Nick Leddy.
1:06 of 3rd period - Slapshot by Drew Doughty.
1:06 of 3rd period - Deflect By Conor Sheary.
1:06 of 3rd period - Stopped by Andrei Vasilevskiy with a rebound.
1:58 of 3rd period - Snap shot by Marcus Foligno.
1:58 of 3rd period - Stopped by Philipp Grubauer with a rebound.
2:08 of 3rd period - Snap shot by Max Reinhart.
2:08 of 3rd period - Shot Misses the Net.
2:10 of 3rd period - Wrist shot by Marcus Johansson.
2:10 of 3rd period - Stopped by Philipp Grubauer without a rebound.
2:11 of 3rd period - Boone Jenner wins face-off versus Derek Stepan in Sharks zone.
2:26 of 3rd period - Slapshot by Derek Stepan.
2:26 of 3rd period - Shot Misses the Net.
2:28 of 3rd period - Snap shot by Danny DeKeiser.
2:28 of 3rd period - Stopped by Philipp Grubauer with a rebound.
2:43 of 3rd period - Snap shot by Connor Murphy.
2:43 of 3rd period - Stopped by Andrei Vasilevskiy with a rebound.
2:45 of 3rd period - Backhand shot by Markus Nutivaara.
2:45 of 3rd period - Stopped by Andrei Vasilevskiy without a rebound.
2:46 of 3rd period - Oscar Sundqvist wins face-off versus Mark Scheifele in Penguins zone.
3:11 of 3rd period - Brett Kulak is hit by Ronalds Kenins and loses puck.
3:54 of 3rd period - Snap shot by Mark Scheifele.
3:54 of 3rd period - Shot Misses the Net.
3:56 of 3rd period - Slapshot by Oscar Klefbom.
3:56 of 3rd period - Stopped by Philipp Grubauer without a rebound.
3:57 of 3rd period - Max Reinhart wins face-off versus Gustav Nyquist in Sharks zone.
4:31 of 3rd period - Snap shot by Jake Guentzel.
4:31 of 3rd period - Shot Blocked by Vince Hinostroza.
4:33 of 3rd period - Wrist shot by Mark Scheifele.
4:33 of 3rd period - Stopped by Philipp Grubauer with a rebound.
4:49 of 3rd period - Evan Rodrigues is hit by Daniel Carcillo and loses puck.
4:58 of 3rd period - Snap shot by Oscar Klefbom.
4:58 of 3rd period - Shot Blocked by Daniel Carcillo.
5:09 of 3rd period - Off-side.
5:10 of 3rd period - Adam Brooks wins face-off versus Boone Jenner in neutral zone.
5:15 of 3rd period - Slapshot by Tyson Barrie.
5:15 of 3rd period - Shot Blocked by Drew Doughty.
5:25 of 3rd period - Slapshot by Drew Doughty.
5:25 of 3rd period - Shot Misses the Net.
5:46 of 3rd period - Wrist shot by Conor Sheary.
5:46 of 3rd period - Shot Blocked by Brett Kulak.
6:09 of 3rd period - Andreas Martinsen is hit by Keith Aulie.
6:39 of 3rd period - Tom Wilson is hit by Oscar Sundqvist and loses puck.
6:47 of 3rd period - Icing by Oscar Klefbom.
6:48 of 3rd period - Brendan Gaunce wins face-off versus Derek Stepan in Penguins zone.
6:57 of 3rd period - Wrist shot by Mark Scheifele.
6:57 of 3rd period - Stopped by Philipp Grubauer without a rebound.
6:58 of 3rd period - Derek Stepan wins face-off versus Boone Jenner in Sharks zone.
7:13 of 3rd period - Wayne Simmonds is hit by Derek Stepan and loses puck.
7:25 of 3rd period - Icing by Mike Lundin.
7:26 of 3rd period - Boone Jenner wins face-off versus Evan Rodrigues in Sharks zone.
7:26 of 3rd period - Boone Jenner is hit by Keith Aulie.
7:38 of 3rd period - Drew Doughty is hit by Evan Rodrigues and loses puck.
8:12 of 3rd period - Marcus Johansson is hit by Dion Phaneuf and loses puck.
8:42 of 3rd period - Slapshot by Dmitrij Jaskin.
8:42 of 3rd period - Shot Blocked by Gustav Nyquist.
9:33 of 3rd period - Snap shot by Pavel Buchnevich.
9:33 of 3rd period - Shot Misses the Net.
9:47 of 3rd period - Wrist shot by Max Reinhart.
9:47 of 3rd period - Shot Misses the Net.
9:49 of 3rd period - Snap shot by Marcus Johansson.
9:49 of 3rd period - Shot Misses the Net.
9:51 of 3rd period - Wrist shot by Marcus Foligno.
9:51 of 3rd period - Shot Misses the Net.
10:11 of 3rd period - Mike Lundin is hit by Brandon Tanev and loses puck.
10:28 of 3rd period - Adam Brooks is hit by Oscar Sundqvist and loses puck.
10:51 of 3rd period - Slapshot by Dmitrij Jaskin.
10:51 of 3rd period - Shot Misses the Net.
10:53 of 3rd period - Snap shot by Brandon Tanev.
10:53 of 3rd period - Shot Misses the Net.
10:55 of 3rd period - Slapshot by Nick Leddy.
10:55 of 3rd period - Stopped by Philipp Grubauer without a rebound.
10:56 of 3rd period - Mark Scheifele wins face-off versus Oscar Sundqvist in Sharks zone.
11:25 of 3rd period - Slapshot by Pavel Buchnevich.
11:25 of 3rd period - Deflect By Tom Wilson.
11:25 of 3rd period - Shot Blocked by Zach Parise.
11:25 of 3rd period - Puck is out of play.
11:26 of 3rd period - Boone Jenner wins face-off versus Evan Rodrigues in Sharks zone.
11:36 of 3rd period - Minor Penalty to Tom Wilson for Tripping.
11:37 of 3rd period - Max Reinhart wins face-off versus Wayne Simmonds in Penguins zone.
11:52 of 3rd period - Wrist shot by Ronalds Kenins.
11:52 of 3rd period - Shot Misses the Net.
12:46 of 3rd period - Mike Lundin is hit by Danny DeKeiser and loses puck.
13:36 of 3rd period - Penalty to Tom Wilson is over, Tom Wilson is back on ice.
13:51 of 3rd period - Slapshot by Markus Nutivaara.
13:51 of 3rd period - Shot Blocked by Jake Guentzel.
14:06 of 3rd period - Snap shot by Beau Bennett.
14:06 of 3rd period - Shot Misses the Net.
14:08 of 3rd period - Slapshot by Andreas Martinsen.
14:08 of 3rd period - Shot Misses the Net.
14:12 of 3rd period - Slapshot by Brendan Gaunce.
14:12 of 3rd period - Stopped by Andrei Vasilevskiy without a rebound.
14:13 of 3rd period - Adam Brooks wins face-off versus Gustav Nyquist in Penguins zone.
14:20 of 3rd period - Slapshot by Vince Hinostroza.
14:20 of 3rd period - Shot Misses the Net.
14:22 of 3rd period - Snap shot by Daniel Carcillo.
14:22 of 3rd period - Shot Blocked by Nick Leddy.
14:24 of 3rd period - Snap shot by Vince Hinostroza.
14:24 of 3rd period - Stopped by Andrei Vasilevskiy with a rebound.
14:26 of 3rd period - Snap shot by Dion Phaneuf.
14:26 of 3rd period - Deflect By Vince Hinostroza.
14:26 of 3rd period - Deflect By Keith Aulie.
14:26 of 3rd period - Shot Blocked by Adam Brooks.
14:26 of 3rd period - Puck is out of play.
14:27 of 3rd period - Boone Jenner wins face-off versus Max Reinhart in Penguins zone.
14:38 of 3rd period - Wrist shot by Wayne Simmonds.
14:38 of 3rd period - Deflect By Ronalds Kenins.
14:38 of 3rd period - Shot Misses the Net.
14:38 of 3rd period - Puck is out of play.
14:39 of 3rd period - Derek Stepan wins face-off versus Boone Jenner in Penguins zone.
14:39 of 3rd period - Derek Stepan is hit by Boone Jenner.
14:48 of 3rd period - Minor Penalty to Ronalds Kenins for Slashing.
14:49 of 3rd period - Danny DeKeiser wins face-off versus Boone Jenner in Sharks zone.
14:49 of 3rd period - Snap shot by Jake Guentzel.
14:49 of 3rd period - Goal by Jake Guentzel - Penguins : 2 - Sharks : 1.
14:50 of 3rd period - Boone Jenner wins face-off versus Jake Guentzel in neutral zone.
14:53 of 3rd period - Slapshot by Drew Doughty.
14:53 of 3rd period - Stopped by Andrei Vasilevskiy without a rebound.
14:54 of 3rd period - Boone Jenner wins face-off versus Derek Stepan in Penguins zone.
15:19 of 3rd period - Mike Lundin is hit by Evan Rodrigues and loses puck.
16:49 of 3rd period - Keith Aulie is hit by Connor Murphy.
17:48 of 3rd period - Daniel Carcillo is hit by Dmitrij Jaskin and loses puck.
18:05 of 3rd period - Connor Murphy is hit by Tyson Barrie and loses puck.
18:10 of 3rd period - Snap shot by Tom Wilson.
18:10 of 3rd period - Goal by Tom Wilson - Penguins : 3 - Sharks : 1.
18:11 of 3rd period - Brendan Gaunce wins face-off versus Evan Rodrigues in neutral zone.
18:16 of 3rd period - Slapshot by Andreas Martinsen.
18:16 of 3rd period - Stopped by Andrei Vasilevskiy with a rebound.
18:18 of 3rd period - Snap shot by Drew Doughty.
18:18 of 3rd period - Shot Blocked by Oscar Klefbom.
18:20 of 3rd period - Snap shot by Andreas Martinsen.
18:20 of 3rd period - Stopped by Andrei Vasilevskiy without a rebound.
18:21 of 3rd period - Brendan Gaunce wins face-off versus Tom Wilson in Penguins zone.
18:30 of 3rd period - Snap shot by Drew Doughty.
18:30 of 3rd period - Shot Misses the Net.
18:32 of 3rd period - Snap shot by Drew Doughty.
18:32 of 3rd period - Shot Blocked by Evan Rodrigues.
18:34 of 3rd period - Snap shot by Andreas Martinsen.
18:34 of 3rd period - Deflect By Brendan Gaunce.
18:34 of 3rd period - Shot Misses the Net.
18:34 of 3rd period - Puck is out of play.
18:35 of 3rd period - Derek Stepan wins face-off versus Brendan Gaunce in Penguins zone.
18:52 of 3rd period - Mike Lundin is hit by Jake Guentzel and loses puck.
19:11 of 3rd period - Wrist shot by Ronalds Kenins.
19:11 of 3rd period - Shot Blocked by Pavel Buchnevich.
19:31 of 3rd period - Wrist shot by Pavel Buchnevich.
19:31 of 3rd period - Goal by Pavel Buchnevich - Penguins : 4 - Sharks : 1.
19:32 of 3rd period - Derek Stepan wins face-off versus Oscar Sundqvist in neutral zone.
19:45 of 3rd period - Snap shot by Derek Stepan.
19:45 of 3rd period - Deflect By Jake Guentzel.
19:45 of 3rd period - Shot Misses the Net.
19:45 of 3rd period - Puck is out of play.
19:46 of 3rd period - Ronalds Kenins wins face-off versus Derek Stepan in Sharks zone.
19:51 of 3rd period - Danny DeKeiser is hit by Wayne Simmonds and loses puck.
Goals for this period are 3 for Penguins vs 0 for Sharks.
Shots for this period are 10 for Penguins vs 8 for Sharks.